 Dungeon Crawl Stone Soup version 0.27-a0-1147-gb3d8e82157 (webtiles) character file.

Game seed: 13262043554296053056

85197 dickylongcocking the Fighter (level 15, 0/117 HPs)
             Began as a Djinni Venom Mage on May 11, 2021.
             Was the Champion of Makhleb.
             Slain by a tengu warrior
             ... wielding a +3 vorpal war axe
              (1 damage)
             ... on level 13 of the Dungeon on May 12, 2021.
             The game lasted 00:46:40 (34235 turns).

dickylongcocking the Fighter (Djinni Venom Mage)   Turns: 34235, Time: 00:46:41

Health: 0/117      AC: 10    Str: 17    XL:     15   Next: 83%
Gold:   2348       EV: 17    Int: 35    God:    Makhleb [******] SH:  5 Dex: 14

rFire    + + .     SeeInvis .     - Unarmed
rCold    + . .     Faith    .   (shield currently unavailable)
rNeg     . . .     Spirit   .   y - +1 leather armour {rC+}
rPois    ∞         Reflect  +   R - +2 helmet
rElec    .         Harm     .   S - +0 cloak
rCorr    .         Rampage  .   (gloves currently unavailable)
Will     +....                  (boots unavailable)
Stlth    ++........             b - amulet "Dafeschenk" {Reflect Fly SH+5}
HPRegen  0.29/turn              m - ring "Xefo" {Str+6 Int+7}
MPRegen  0.00/turn              a - ring "Yzeh" {rC+ Str+4 Int+5}

@: blade hands, radiating poison, flying, very slightly contaminated, studying
Unarmed Combat
A: flying, sickness immunity, fire resistance 2, cold vulnerability 1, float,
innate caster, hp casting, extra vitality 1
a: End Transformation, Renounce Religion, Minor Destruction, Lesser Servant of
Makhleb, Major Destruction, Greater Servant of Makhleb


You were on level 13 of the Dungeon.
You worshipped Makhleb.
Makhleb was exalted by your worship.
You had blades for hands.
You visited 4 branches of the dungeon, and saw 22 of its levels.
You also visited: Bailey.

You collected 3427 gold pieces.
You spent 1079 gold pieces at shops.

Inventory:

Hand Weapons
 j - a +1 dagger of venom
 G - the +7 flail "Jeatrifi" {pain, rF+ rC+ Dex+3}
   (You found it on level 6 of the Dungeon)

   In the hands of one skilled in necromantic magic, it inflicts extra damage on
   living creatures.
   It affects your dexterity (+3).
   It protects you from fire.
   It protects you from cold.
Missiles
 E - 11 throwing nets
 K - 9 curare-tipped darts
Armour
 l - a +0 pair of gloves (melded)
 s - a +0 kite shield
 y - a +1 leather armour of cold resistance (worn)
 R - a +2 helmet (worn)
 S - a +0 cloak (worn)
 V - a +0 buckler (melded)
Magical Staves
 Y - a staff of air (melded)
Jewellery
 a - the ring "Yzeh" (right blade hand) {rC+ Str+4 Int+5}
   (You bought it in a shop on level 2 of the Orcish Mines)

   [ring of protection from cold]

   It affects your strength (+4).
   It affects your intelligence (+5).
   It protects you from cold.
 b - the amulet "Dafeschenk" (around neck) {Reflect Fly SH+5}
   (You bought it in a shop on level 2 of the Orcish Mines)

   [amulet of reflection]

   It reflects blocked missile attacks.
   It grants you flight.
   It affects your SH (+5).
 g - a +4 ring of protection
 i - the ring "Raker" {Ice Drain rPois SInv}
   (You found it on level 6 of the Lair of Beasts)

   [ring of ice]

   It enhances your ice magic.
   It makes you vulnerable to fire.
   It protects you from cold.
   It protects you from poison.
   It lets you see invisible.
   It drains your maximum health when unequipped.
 m - the ring "Xefo" (left blade hand) {Str+6 Int+7}
   (You found it on level 4 of the Lair of Beasts)

   [ring of strength]

   It affects your strength (+6).
   It affects your intelligence (+7).
 n - a ring of flight
 t - a ring of ice
 x - a ring of fire
 Q - a +4 ring of evasion
 W - a ring of positive energy
 X - a ring of protection from cold
Wands
 v - a wand of iceblast (10)
 A - a wand of mindburst (20)
 H - a wand of flame (86)
 M - a wand of charming (20)
 N - a wand of polymorph (39)
 P - a wand of paralysis (13)
Scrolls
 h - 3 scrolls of teleportation
 k - 2 scrolls of immolation {unknown}
 o - 3 scrolls of enchant weapon
 p - 3 scrolls of holy word {unknown}
 q - 3 scrolls of blinking {unknown}
 r - 7 scrolls of fear {unknown}
 w - 6 scrolls of noise {unknown}
 z - a scroll of summoning {unknown}
 B - a scroll of magic mapping {unknown}
 F - 7 scrolls of amnesia {unknown}
 O - a scroll of acquirement {unknown}
 U - 4 scrolls of enchant armour
 Z - 2 scrolls of silence
Potions
 c - 2 potions of heal wounds
 d - 6 potions of haste
 e - 3 potions of brilliance
 f - 4 potions of might
 u - 6 potions of berserk rage
 C - 10 potions of ambrosia
 J - 2 potions of lignification
 L - 5 potions of mutation
 T - 5 potions of curing
Miscellaneous
 D - a lightning rod (4/4)
 I - a phantom mirror


   Skills:
 + Level 14.2 Fighting
 - Level 5.4 Short Blades
 + Level 10.2 Armour
 + Level 11.2 Dodging
 - Level 1.5 Stealth
 - Level 4.0 Shields
 * Level 7.8 Unarmed Combat
 + Level 12.7 Spellcasting
 - Level 7.9 Evocations


You had 2 spell levels left.
You knew the following spells:

 Your Spells              Type           Power      Damage    Failure   Level
a - Sting                 Tmut/Pois      100%       1d8       3%          1
b - Magic Dart            Conj           100%       1d8       3%          1
c - Static Discharge      Conj/Air       84%        N/A       4%          2
d - Olgreb's Toxic Radia  Pois           84%        N/A       7%          4
e - Ensorcelled Hibernat  Hex/Ice        100%       N/A       4%          2
f - Swiftness             Air            84%        N/A       4%          3
g - Summon Forest         Summ/Tloc      42%        N/A       10%         5
h - Yara's Violent Unrav  Hex/Tmut       42%        3d17      10%         5
i - Ignite Poison         Fire/Tmut/Pois 84%        N/A       4%          3
j - Blade Hands           Tmut           42%        N/A       21%         6
p - Poisonous Vapours     Pois/Air       100%       N/A       4%          2
x - Mephitic Cloud        Conj/Pois/Air  84%        N/A       4%          3
Your spell library was empty.

Dungeon Overview and Level Annotations

Branches:
Dungeon (13/15)            Temple (1/1) D:4            Lair (6/6) D:8
  Swamp (0/4) Lair:4       Spider (0/4) Lair:4        Slime (0/5) Lair:6
    Orc (2/2) D:10            Elf (0/3) Orc:2        Bailey (visited)
 Vaults: D:13-14

Altars:
Ashenzari
Cheibriados
Dithmenos
Elyvilon
Fedhas
Gozag
Hepliaklqana
Kikubaaqudgha
Makhleb
Okawaru
Sif Muna
Trog
Uskayaw
Vehumet
Wu Jian
Xom
Zin
Beogh
Jiyva

Shops:
D:2 [   D:11 :   Orc:1 *   Orc:2 (*[=(

Portals:
Trove: D:10 (give 5 potions of resistance)

Annotations:
Lair:4 2 transporters, Luuqe's ghost, journeyman MfGl


Innate Abilities, Weirdness & Mutations

You have blades for hands.
You are flying.
Your spellcasting is less reliable in this form.
You are incapable of wielding weapons or throwing items.
You are immune to sickness and miasma.
You are immune to poison.
Your flesh is very heat resistant. (rF++)
You are vulnerable to cold. (rC-)
You float through the air rather than walking.
You learn spells naturally, not from books.
Your magical power is your life essence.
You have superior vitality. (+4 HP)


Message History

Unknown command.
The centaur wields a +0 shortbow.
The centaur shoots an arrow.
The arrow hits you but does no damage.
You feel much better.
Unknown command.
Unknown command.
Casting: Olgreb's Toxic Radiance (dangerous; 7% risk of failure)
Confirm with . or Enter, or press ? or * to list all spells.
You begin to radiate toxic energy.
The tengu warrior is poisoned.
The tengu warrior misses you. The tengu warrior pecks you.
The tengu warrior claws you.
Unknown command.
Unknown command.
Unknown command.
Unknown command.
Casting: Olgreb's Toxic Radiance (dangerous; 7% risk of failure)
Confirm with . or Enter, or press ? or * to list all spells.
Your toxic radiance grows in intensity.
The vault guard is poisoned.
* * * LOW HITPOINT WARNING * * *
The tengu warrior hits you with a +3 vorpal war axe!
* * * LOW HITPOINT WARNING * * *
x2 The tengu warrior pecks you but does no damage.
The tengu warrior claws you.
* * * LOW HITPOINT WARNING * * *
Unknown command.
Unknown command.
Unknown command.
Casting: Olgreb's Toxic Radiance (dangerous; 7% risk of failure)
Confirm with . or Enter, or press ? or * to list all spells.
You ignite the poison in your surroundings!
The tengu warrior seems to burn from within!
The tengu warrior is severely wounded.
The vault guard seems to burn from within!!
The vault guard is heavily wounded.
* * * LOW HITPOINT WARNING * * *
The centaur is poisoned.
The vault guard is poisoned.
The tengu warrior is poisoned.
The tengu warrior hits you with a +3 vorpal war axe!
* * * LOW HITPOINT WARNING * * *
You die...

..........## #.#
..######..#.# #.#
. #..##.# #?#
#..#c#.#D#
.######..##.#p#
.........#.#c#.#
.........##.#.#.#
.........#.#.#.#.#
..####.@Qc########
. #..p## #...#
#...# #.... ......
....... ###......


You could see a vault guard (poisoned), a tengu warrior (poisoned) and a centaur
(poisoned).

Vanquished Creatures
  An orc warlord (Orc:2)
  Nessos (D:13)
  An ettin (Orc:1)
  Fannar (D:12)
  2 boulder beetles (D:12)
  8 hydras
  A merfolk avatar (Lair:6)
  A death knight (D:12)
  3 catoblepae
  2 two-headed ogres
  2 orc high priests (Orc:2)
  A death yak (Lair:6)
  A fire crab (Lair:3)
  A skeletal warrior (D:12)
  A sea snake (Lair:6)
  Pikel (D:5)
  A harpy (shapeshifter) (D:12)
  A necromancer (Lair:2)
  2 harpies (Lair:6)
  5 orc knights (Orc:2)
  2 cyclopes (D:12)
  A deep elf pyromancer (D:12)
  A manticore (D:12)
  An ugly thing (D:12)
  3 orc sorcerers (Orc:2)
  18 elephants
  6 black mambas
  15 cane toads
  3 torpor snails
  Maggie (D:8)
  A gargoyle (D:12)
  An unseen horror (D:12)
  2 komodo dragons (shapeshifter)
  An efreet (D:12)
  12 komodo dragons
  2 rime drakes (Lair:6)
  2 kobold demonologists
  A tengu conjurer (D:12)
  A wind drake (Lair:6)
  A hornet (Lair:6)
  A queen bee (Lair:3)
  8 trolls
  Grinder (D:6)
  3 polar bears (Lair:6)
  A slime creature (D:12)
  4 dream sheep (Lair:6)
  2 tyrant leeches (Lair:4)
  21 blink frogs
  A shadow (D:11)
  Sigmund (D:4)
  A vampire (D:13)
  14 flying skulls (D:12)
  45 yaks
  8 wyverns
  2 wraiths
  4 basilisks
  Grum (D:8)
  3 steam dragons
  A swamp worm (Lair:4)
  11 water moccasins
  An acid dragon (D:9)
  Duvessa (D:4)
  An ice beast (D:6)
  28 orc warriors
  3 black bears
  A black bear (shapeshifter) (D:12)
  A sky beast (D:7)
  14 ogres
  A necrophage (D:4)
  28 wolves
  2 centaurs
  2 lemures (D:5)
  2 kobold brigands
  17 bullfrogs
  A wyvern zombie (D:5)
  11 gnoll sergeants
  8 scorpions
  Dowan (D:4)
  A wyvern skeleton (D:7)
  A water moccasin skeleton (D:6)
  A wight (D:8)
  26 killer bees
  3 electric eels (Lair:1)
  4 jellies
  2 centaur zombies
  5 hounds
  A centaur skeleton (D:5)
  6 gnoll shamans (Bailey)
  19 orc priests
  A bullfrog skeleton (D:4)
  3 iguanas
  Ijyb (D:4)
  Natasha (thrice) (D:4)
  9 orc wizards
  A yak simulacrum (Lair:2)
  A polar bear simulacrum (Lair:2)
  3 wolf simulacra (Lair:2)
  35 gnolls
  2 howler monkey skeletons
  5 adders
  A shadow imp (D:8)
  3 white imps (D:8)
  An adder zombie (D:3)
  3 worms (Lair:4)
  4 dart slugs
  60 orcs
  6 endoplasms
  4 giant cockroaches
  5 goblins
  6 hobgoblins
  2 jackals (D:1)
  15 kobolds
  7 quokkas
  10 ball pythons
  A bat (D:1)
  2 frilled lizards
  8 rats
  6 river rat simulacra (Lair:2)
  A butterfly (Lair:1)
646 creatures vanquished.

Vanquished Creatures (collateral kills)
  7 hydras
  A two-headed ogre (D:9)
  A skeletal warrior (D:12)
  A deep elf pyromancer (D:12)
  A cyclops (D:11)
  A black mamba (Lair:2)
  4 cane toads
  A komodo dragon (Lair:2)
  6 flying skulls (D:12)
  A wraith (D:13)
  A warg (Orc:1)
  2 water moccasins
  A nameless horror (D:12)
  2 orc priests (D:12)
  4 orcs (D:12)
34 creatures vanquished.

Vanquished Creatures (others)
  54 fungi
  89 plants
  2 snaplasher vines
145 creatures vanquished.

Grand Total: 825 creatures vanquished

Notes
Turn   | Place    | Note
-------+----------+-------------------------------------------
     0 | D:1      | dickylongcocking the Djinni Venom Mage began the quest for
                  | the Orb.
     0 | D:1      | Reached XP level 1. HP: 15/15 MP: 0/0
   258 | D:1      | Reached XP level 2. HP: 11/21 MP: 0/0
  1096 | D:1      | Reached XP level 3. HP: 23/25 MP: 0/0
  1096 | D:1      | Learned a level 1 spell: Magic Dart
  2441 | D:2      | Reached skill level 1 in Fighting
  2441 | D:2      | Reached XP level 4. HP: 23/32 MP: 0/0
  2546 | D:2      | Found a faded altar of an unknown god.
  2568 | D:2      | Found Gusepric's Armour Shop.
  2879 | D:3      | Reached skill level 1 in Short Blades
  3551 | D:3      | Reached XP level 5. HP: 22/38 MP: 0/0
  3551 | D:3      | Learned a level 2 spell: Static Discharge
  3685 | D:4      | Noticed Sigmund
  3688 | D:4      | Killed Sigmund
  3689 | D:4      | Reached skill level 2 in Fighting
  3689 | D:4      | Reached XP level 6. HP: 32/45 MP: 0/0
  3778 | D:4      | Found a bloodstained altar of Trog.
  3778 | D:4      | Found an iron altar of Okawaru.
  3863 | D:4      | Noticed Ijyb
  3872 | D:4      | Killed Ijyb
  4074 | D:4      | Reached skill level 3 in Fighting
  4130 | D:4      | Found a staircase to the Ecumenical Temple.
  4148 | D:4      | Noticed Natasha
  4159 | Temple   | Entered the Ecumenical Temple
  4179 | Temple   | Became a worshipper of Makhleb the Destroyer
  4356 | D:4      | Killed Natasha
  4357 | D:4      | Reached XP level 7. HP: 43/50 MP: 0/0
  4357 | D:4      | Learned a level 2 spell: Ensorcelled Hibernation
  4407 | D:4      | Noticed Duvessa
  4416 | D:4      | Killed Duvessa
  4417 | D:4      | Reached skill level 5 in Spellcasting
  4729 | D:4      | Reached skill level 4 in Fighting
  4754 | D:4      | Noticed Dowan
  4760 | D:4      | Killed Dowan
  5284 | D:4      | Reached XP level 8. HP: 35/58 MP: 0/0
  5786 | D:4      | Noticed Natasha
  5792 | D:4      | Killed Natasha
  5891 | D:4      | Noticed Natasha
  5894 | D:4      | Killed Natasha
  5996 | D:5      | Entered Level 5 of the Dungeon
  5996 | D:5      | Noticed a kobold demonologist
  6000 | D:5      | Noticed a red devil
  6001 | D:5      | Reached skill level 5 in Fighting
  6001 | D:5      | Noticed a hellwing
  6001 | D:5      | HP: 1/59 [red devil/+2 demon trident of pain[a kobold
                  | demonologist] (20)]
  6018 | D:5      | Killed a kobold demonologist
  6019 | D:5      | Reached skill level 5 in Short Blades
  6027 | D:5      | Reached * piety under Makhleb
  6460 | D:5      | Reached skill level 6 in Fighting
  6460 | D:5      | Reached XP level 9. HP: 52/66 MP: 0/0
  6460 | D:5      | Learned a level 3 spell: Swiftness
  6875 | D:5      | Noticed Pikel
  6882 | D:5      | Killed Pikel
  6883 | D:5      | Reached skill level 7 in Fighting
  8021 | D:6      | Noticed Grinder
  8028 | D:6      | Paralysed by Grinder for 7 turns
  8035 | D:6      | Killed Grinder
  8264 | D:6      | Reached skill level 8 in Fighting
  8278 | D:6      | Identified the +7 flail "Jeatrifi" {pain, rF+ rC+ Dex+3}
  8551 | D:6      | Reached XP level 10. HP: 75/77 MP: 0/0
  8881 | D:7      | Found a flagged portal.
  8888 | Bailey   | Entered a bailey
  8891 | Bailey   | Reached ** piety under Makhleb
  9357 | Bailey   | Reached skill level 9 in Fighting
 11372 | D:8      | Found a shimmering altar of Xom.
 11372 | D:8      | Found a hide-covered altar of Uskayaw.
 11652 | D:8      | Found an opulent altar of Gozag.
 11842 | D:8      | Noticed Maggie
 11883 | D:8      | Killed Maggie
 11884 | D:8      | Reached skill level 1 in Evocations
 12204 | D:8      | Noticed Grum
 12209 | D:8      | Killed Grum
 12411 | D:8      | Reached skill level 10 in Fighting
 12413 | D:8      | Reached XP level 11. HP: 29/85 MP: 0/0
 12413 | D:8      | Learned a level 5 spell: Summon Forest
 12759 | D:8      | Found a staircase to the Lair.
 13207 | D:9      | Noticed a two-headed ogre
 13213 | D:9      | Killed a two-headed ogre
 13300 | D:9      | Reached *** piety under Makhleb
 13928 | D:9      | Noticed a two-headed ogre
 13932 | D:9      | Killed a two-headed ogre
 14042 | D:10     | Entered Level 10 of the Dungeon
 14216 | D:10     | Found a staircase to the Orcish Mines.
 14244 | D:10     | Reached skill level 10 in Spellcasting
 14381 | D:10     | Found a blossoming altar of Fedhas.
 14381 | D:10     | Found a faded altar of an unknown god.
 14387 | D:10     | Found a faded altar of an unknown god.
 14389 | D:10     | Found a shadowy altar of Dithmenos.
 14391 | D:10     | Found a snail-covered altar of Cheibriados.
 15074 | D:10     | Reached skill level 1 in Shields
 15145 | D:10     | Found a portal to a secret trove of treasure.
 15435 | D:11     | Reached skill level 5 in Evocations
 15624 | D:11     | Found Beb Oxzuyfa's Book Shoppe.
 16318 | Orc:1    | Entered Level 1 of the Orcish Mines
 16334 | Orc:1    | Found Ewoz's Mass Market.
 16437 | Orc:1    | Reached skill level 11 in Fighting
 16596 | Orc:1    | Reached **** piety under Makhleb
 16818 | Orc:1    | Found a bloodstained altar of Trog.
 16918 | Orc:1    | Noticed an ettin
 16927 | Orc:1    | Killed an ettin
 17038 | Orc:2    | Entered Level 2 of the Orcish Mines
 17093 | Orc:2    | Noticed an orc knight
 17097 | Orc:2    | Killed an orc knight
 17151 | Orc:2    | Found Xamenwiff's Antique Weapon Shoppe.
 17175 | Orc:2    | Reached XP level 12. HP: 89/94 MP: 0/0
 17279 | Orc:2    | Found Kobur's Jewellery Shoppe.
 17289 | Orc:2    | Bought the ring "Yzeh" {rC+ Str+4 Int+5} for 610 gold
                  | pieces
 17289 | Orc:2    | Bought the amulet "Dafeschenk" {Reflect Fly SH+5} for 469
                  | gold pieces
 17388 | Orc:2    | Noticed an orc high priest
 17394 | Orc:2    | Killed an orc high priest
 17559 | Orc:2    | Found Paruid's General Store.
 17638 | Orc:2    | Noticed an orc warlord
 17644 | Orc:2    | Killed an orc warlord
 17647 | Orc:2    | Reached skill level 12 in Fighting
 17647 | Orc:2    | Found Buaxego's Antique Armour Emporium.
 17676 | Orc:2    | Found Syduuwonk's Antique Weapon Emporium.
 17713 | Orc:2    | Found a staircase to the Elven Halls.
 17967 | Orc:2    | Reached ***** piety under Makhleb
 18257 | Orc:2    | Noticed an orc high priest
 18261 | Orc:2    | Killed an orc high priest
 18798 | Lair:1   | Entered Level 1 of the Lair of Beasts
 18898 | Lair:1   | Reached skill level 1 in Armour
 19098 | Lair:1   | Reached XP level 13. HP: 102/102 MP: 0/0
 19098 | Lair:1   | Learned a level 5 spell: Yara's Violent Unravelling
 20365 | Lair:2   | Reached skill level 5 in Dodging
 21101 | Lair:2   | Reached skill level 5 in Armour
 21697 | Lair:3   | Reached skill level 13 in Fighting
 22315 | Lair:3   | Reached XP level 14. HP: 97/110 MP: 0/0
 22428 | Lair:3   | Reached ****** piety under Makhleb
 22810 | Lair:4   | Found a transporter.
 22847 | Lair:4   | Identified the ring "Xefo" {Str+6 Int+7}
 23082 | Lair:4   | Found a hole to the Spider Nest.
 23221 | Lair:4   | Found a runed translucent door.
 23605 | Lair:4   | Noticed Luuqe's ghost (journeyman MfGl)
 23624 | Lair:4   | Found a transporter.
 23900 | Lair:4   | Found a staircase to the Swamp.
 27331 | Lair:6   | Entered Level 6 of the Lair of Beasts
 27916 | Lair:6   | Reached skill level 10 in Dodging
 27930 | Lair:6   | Reached XP level 15. HP: 69/116 MP: 0/0
 27930 | Lair:6   | Learned a level 6 spell: Blade Hands
 28548 | Lair:6   | Reached skill level 1 in Unarmed Combat
 29428 | Lair:6   | Found a runed translucent door.
 29429 | Lair:6   | Found a viscous altar of Jiyva.
 29431 | Lair:6   | Found a staircase to the Slime Pits.
 29604 | Lair:6   | Identified the ring "Raker" {Ice Drain rPois SInv}
 30085 | D:12     | Found the +3 giant club "Skullcrusher" {speed, Str+7}
 30426 | D:12     | Identified the +5 mace "Xiad" {vorpal, rPois Will- rCorr}
 30470 | D:12     | Noticed Fannar
 30480 | D:12     | Killed Fannar
 30481 | D:12     | Reached skill level 5 in Unarmed Combat
 30927 | D:12     | Reached skill level 14 in Fighting
 31387 | D:12     | Reached skill level 10 in Armour
 33938 | D:13     | Noticed Nessos
 33946 | D:13     | Killed Nessos
 34235 | D:13     | HP: 1/117 [tengu warrior/+3 vorpal war axe (9)]
 34235 | D:13     | Slain by a tengu warrior

Illustrated notes

Levels and vault maps discovered:
D:1:      lemuel_arrival_behind_the_door_large, layout_loops_ring,
          minmay_octomino_c4
D:2:      layout_loops_ring, hellmonk_ecumenical_altar_leap_of_faith,
          serial_shops, shop, serial_bayou_pond_a
D:3:      layout_basic, nicolae_overflow_crystal_walls,
          minmay_misc_feat_secret_circle
D:4:      minmay_octagon_keep, layout_gridville,
          grunt_temple_overflow_bloody_war,
          minmay_temple_entry_statues_fountains, uniq_sigmund, uniq_natasha,
          uniq_duvessa, uniq_ijyb
D:5:      minmay_angry_zag, layout_layer_cave, minmay_manual_moon, uniq_pikel
D:6:      layout_gridville, minmay_checkerbox, uniq_grinder
D:7:      layout_rooms, serial_co_window_serial, co_window_paths_a,
          co_window_paths_b, co_window_corner_a, co_window_corner_a,
          co_window_corner_a, co_window_corner_b, co_window_broadway_c,
          co_window_cross_2, co_window_corner_ca, co_window_unsneaky_path_c,
          co_window_2corner, co_window_sun, co_window_4corner_b,
          glass_columns_a, enter_bailey_2
D:8:      layout_basic, nicolae_gozag_seed_capital, jmf_multi_god_temple,
          erik_lair_dragon, uniq_maggie, uniq_grum
D:9:      layout_gridville
D:10:     layout_basic, chequers_temple_overflow_minitemple, orc_0_dummy,
          nicolae_trove_entry_columns
D:11:     layout_grid_maze, serial_shops, shop
D:12:     hangedman_cross_veins, layout_loops_corners,
          minmay_guarded_unrand_skullcrusher, uniq_fannar
D:13:     layout_small_grid, david_vaults_5, minivault_1, cheibriados_altar_1,
          uniq_nessos
Temple:   nicolae_temple_god_jail
Lair:1:   layout_gridlike, basic_altar, lemuel_fruit_fields,
          infiniplex_staircase_pool, serial_bayou_shore_b, serial_bayou_shore_a,
          grunt_megastairs_5
Lair:2:   layout_regular_city, minmay_hedge_maze, eino_house_with_fridge,
          lemuel_fruit_tree
Lair:3:   layout_cave_shapes, special_room [special_room_bee], st_stairs_3,
          chequers_serial_rivers_micro_d, serial_bayou_shore_b
Lair:4:   layout_regular_city, palyth_hydra_swamp_entry,
          nicolae_spider_entry_non_spiders, gammafunk_ghost_berserking_beasts,
          pf_torpor_hydra
Lair:5:   layout_layer_cave, st_stairs_5, serial_bayou_shore_b,
          grunt_megastairs_1
Lair:6:   gammafunk_lair_ancient_temple, layout_concentric_octagons,
          slime_altar_2
Orc:1:    layout_caves, lemuel_statue_altar, minmay_shop_mass
Orc:2:    grunt_orc_gardens, layout_caves, grunt_orc_garden, grunt_orc_garden,
          grunt_orc_garden, grunt_orc_garden, serial_shops, shop,
          minmay_orc_temple_c

Skill      XL: |  1  2  3  4  5  6  7  8  9 10 11 12 13 14 15 |
---------------+----------------------------------------------+-----
Spellcasting   | 3 4 5 6 8 9 10 11 12 | 12.7
Fighting       | 1 2 3 4 6 8 10 11 12 13 14 | 14.2
Short Blades   | 1 2 3 4 5 |  5.4
Evocations     | 2 6 7 |  7.9
Shields        | 3 4 |  4.0
Armour         | 1 6 9 10 | 10.2
Dodging        | 3 7 10 11 | 11.2
Unarmed Combat | 7 |  7.8
Stealth        | |  1.5

Action                   |  1- 3 |  4- 6 |  7- 9 | 10-12 | 13-15 || total
-------------------------+-------+-------+-------+-------+-------++-------
Melee: Dagger            |    66 |    52 |    28 |    27 |       ||   173
       Short sword       |       |     6 |       |       |       ||     6
       Staff             |       |       |       |     4 |    43 ||    47
       Unarmed           |       |       |       |       |   186 ||   186
       Punch             |       |       |       |       |     2 ||     2
 Cast: Sting             |    33 |     2 |    12 |    18 |    50 ||   115
       Poisonous Vapours |     3 |     2 |    18 |     3 |     5 ||    31
       Olgreb's Toxic Ra |       |     6 |    27 |   131 |   165 ||   329
       Ignite Poison     |       |     9 |    44 |   141 |   173 ||   367
       Mephitic Cloud    |       |     2 |    11 |    13 |    26 ||    52
       Summon Forest     |       |       |       |     2 |    18 ||    20
       Ensorcelled Hiber |       |       |       |       |    14 ||    14
       Static Discharge  |       |       |       |       |    30 ||    30
       Blade Hands       |       |       |       |       |    36 ||    36
       Swiftness         |       |       |       |       |     1 ||     1
       Yara's Violent Un |       |       |       |       |     1 ||     1
Evoke: Wand              |       |       |       |     3 |    21 ||    24
       Phantom mirror    |       |       |       |     1 |     3 ||     4
  Use: Potion            |       |       |     3 |       |     8 ||    11
       Scroll            |       |       |       |     7 |    10 ||    17
 Stab: Sleeping          |     2 |     3 |       |       |       ||     5
Armor: Robe              |    10 |    16 |     2 |       |       ||    28
       Leather armour    |       |       |    23 |    21 |   126 ||   170
Dodge: Dodged            |    47 |    36 |    37 |    43 |   375 ||   538
Block: Other             |       |       |    10 |    11 |    44 ||    65
       Buckler           |       |       |       |    11 |   183 ||   194
       Reflection        |       |       |       |     3 |     3 ||     6

Table legend: (Time is in decaauts)
 A = Elapsed time spent in this place.
 B = Non-inter-level travel time spent in this place.
 C = Inter-level travel time spent in this place.
 D = Time resting spent in this place.
 E = Time spent auto-exploring this place.
 F = Levels seen in this place.
 G = Mean time per level.
                   A        B        C        D        E       F      G
               +--------+--------+--------+--------+--------+-----+--------+
         Total |  34205 |  32962 |   1243 |   6062 |  23332 |  23 | 1487.2 |
       Dungeon |  19726 |  18817 |    909 |   3351 |  13638 |  13 | 1517.4 |
        Temple |     30 |     21 |      9 |      0 |     11 |   1 |   30.0 |
          Lair |  11120 |  10911 |    209 |   2131 |   7554 |   6 | 1853.3 |
  Orcish Mines |   2367 |   2252 |    115 |     40 |   1864 |   2 | 1183.5 |
        Bailey |    961 |    961 |      0 |    540 |    264 |   1 |  961.0 |
               +--------+--------+--------+--------+--------+-----+--------+

Top non-repeatable levels by time:
    D:12: 3421 daAuts
  Lair:4: 2733 daAuts
  Lair:5: 2434 daAuts
     D:4: 2275 daAuts
     D:5: 1900 daAuts
  Lair:6: 1894 daAuts
     D:1: 1852 daAuts
     D:8: 1798 daAuts
  Lair:2: 1506 daAuts
     D:7: 1490 daAuts
   Orc:2: 1435 daAuts
    D:11: 1435 daAuts
    D:10: 1351 daAuts
  Lair:3: 1313 daAuts
  Lair:1: 1239 daAuts
